 Dungeon Crawl Stone Soup version 0.31.0-1-g2c135a008e (webtiles) character file.

Game seed: 4740821810819544539

92 qw the Shooter (level 4, 0/35 HPs)
             Began as a Djinni Hunter on Jan 23, 2024.
             Hit by a javelin thrown by a gnoll (7 damage)
             ... on level 2 of the Dungeon.
             The game lasted 00:00:03 (1145 turns).

qw the Shooter (Djinni Hunter)                      Turns: 1145, Time: 00:00:04

Health: 0/35       AC:  3    Str: 10    XL:     4   Next: 90%
Gold:   90         EV: 12    Int: 11    God:
                   SH:  0    Dex: 18

rFire   + + .        a - +0 shortbow
rCold   x . .        (shield currently unavailable)
rNeg    . . .        c - +0 leather armour
rPois   inf          (no helmet)
rElec   .            (no cloak)
rCorr   .            (no gloves)
SInv    .            (boots unavailable)
Will    .....        (no amulet)
Stlth   ++           (no ring)
HPRegen 0.25/turn    (no ring)
MPRegen 0.00/turn

%: infuse magic (-1 HP)
@: flying
A: sickness immunity, fire resistance 2, cold vulnerability 1, float, innate
caster, HP casting, extra vitality 1
a: no special abilities


You were on level 2 of the Dungeon.
You visited 1 branch of the dungeon, and saw 2 of its levels.

You collected 90 gold pieces.


Innate Abilities, Weirdness & Mutations

You are immune to sickness and miasma.
You are immune to poison.
Your flesh is very heat resistant. (rF++)
You are vulnerable to cold. (rC-)
You float through the air rather than walking.
You learn spells naturally, not from books.
Your magical power is your life essence.
You have superior vitality. (+4 MHP)


   Skills:
 - Level 3.1 Fighting
 + Level 4.1 Ranged Weapons
 - Level 3.0 Dodging
 - Level 0.7 Stealth


You knew the following spells:

 Your Spells              Type           Power      Damage    Failure   Level
a - Foxfire               Conj/Fire      0%         2x1d4     43%         1
Your spell library was empty.

Inventory:

Hand Weapons
 a - a +0 shortbow (weapon)
Armour
 b - a +0 ring mail
 c - a +0 leather armour (worn)
Scrolls
 d - a scroll of blinking {unknown}
Potions
 e - a potion of enlightenment
 f - a potion of haste {unknown}
 g - a potion of magic {unknown}

Dungeon Overview and Level Annotations

Branches:
Dungeon (2/15)

Altars:


Message History

The gnoll misses you.
You shoot an arrow. The arrow hits the giant cockroach.
The giant cockroach is severely wounded.
The gnoll hits you from afar with a +0 spear.
The giant cockroach barely misses you.
The gnoll hits you from afar with a +0 spear.
You shoot an arrow. The arrow hits the giant cockroach!
You kill the giant cockroach!
The gnoll hits you from afar with a +0 spear.
You shoot an arrow. The arrow hits the gnoll.
The gnoll is heavily wounded.
The gnoll barely misses you.
You shoot an arrow. The arrow hits the gnoll.
The gnoll is almost dead.
The gnoll hits you from afar with a +0 spear.
You shoot an arrow. The arrow barely misses the gnoll.
The gnoll misses you. The gnoll barely misses you.
You shoot an arrow. The arrow hits the gnoll.
You kill the gnoll!
You start resting.
A gnoll comes into view. It is wielding a +2 spear of venom.
1136 ||| FLEEEEING.
Things that are here:
a +0 club; a gnoll corpse
1137 ||| FLEEEEING.
You start resting.
A gnoll is nearby!
You shoot an arrow. The arrow hits the gnoll.
The gnoll is moderately wounded.
You shoot an arrow. The arrow closely misses the gnoll.
The gnoll barely misses you.
You shoot an arrow. The arrow hits the gnoll.
The gnoll is heavily wounded.
The gnoll hits you from afar with a +2 spear of venom!
You shoot an arrow. The arrow hits the gnoll.
The gnoll is almost dead.
The gnoll throws a javelin.
The javelin pierces through you!
You shoot an arrow. The arrow completely misses the gnoll.
The gnoll throws a javelin.
The javelin pierces through you!
You die...

...######.##.#####......###
#.## #....###...#....#.. #
#.##.#...########.#
#.##...### ##....#
##(#...## ##..####
#..#...######..##
#.##.#..##....#####
###.#..##..%........#
###.#....@....###.......#
........)###### #.......#
####.##g## #.......# #. #.#
#..(....## .). #.........
%.... ########.. .......
#.# ........# #.#
.....g...# #..


You could see a gnoll.

Vanquished Creatures
  Terence (D:2)
  3 gnolls (D:2)
  A dart slug (D:1)
  A ribbon worm (D:2)
  4 ball pythons
  3 endoplasms
  2 giant cockroaches (D:2)
  2 goblins (D:1)
  3 hobgoblins
  2 jackals (D:1)
  A quokka (D:1)
  3 bats
  A frilled lizard (D:1)
  2 kobolds (D:1)
  6 rats (D:1)
35 creatures vanquished.

Notes
Turn   | Place    | Note
-------+----------+-------------------------------------------
     0 | D:1      | qw the Djinni Hunter began the quest for the Orb.
     0 | D:1      | Reached XP level 1. HP: 18/18 MP: 0/0
     0 | D:1      | 0 ||| qw: Version: 0.3-a-135-gb77e89d
     0 | D:1      | 0 ||| qw: Game counter: 793
     0 | D:1      | 0 ||| qw: Melee chars always use a shield: true
     0 | D:1      | 0 ||| qw: God list: Okawaru
     0 | D:1      | 0 ||| qw: Allow faded altars: false
     0 | D:1      | 0 ||| qw: Do Orc after clearing Dungeon:15 true
     0 | D:1      | 0 ||| qw: Do second Lair branch before Depths: true
     0 | D:1      | 0 ||| qw: Lair rune preference: random
     0 | D:1      | 0 ||| qw: Goals: Normal
     0 | D:1      | 0 ||| PLANNING D:1-11
   134 | D:1      | Reached XP level 2. HP: 23/23 MP: 0/0
   426 | D:1      | Reached XP level 3. HP: 28/28 MP: 0/0
   426 | D:1      | Learned a level 1 spell: Foxfire
   432 | D:1      | Reached skill level 4 in Ranged Weapons
   746 | D:1      | 746 ||| READING scroll labelled OGOON YGUPHUNG.
   747 | D:1      | 747 ||| READING scroll labelled EMU CUATEO.
   747 | D:1      | 747 ||| IDENTIFYING golden potion
   748 | D:1      | 748 ||| DROPPING scroll of butterflies.
   849 | D:2      | Noticed Terence
   863 | D:2      | Killed Terence
   864 | D:2      | Reached skill level 3 in Fighting
   864 | D:2      | Reached XP level 4. HP: 21/35 MP: 0/0
  1114 | D:2      | Reached skill level 3 in Dodging
  1136 | D:2      | 1136 ||| FLEEEEING.
  1137 | D:2      | 1137 ||| FLEEEEING.
  1144 | D:2      | HP: 7/35 [gnoll/javelin (9)]
  1145 | D:2      | Hit by a javelin thrown by a gnoll

Levels and vault maps discovered:
D:1:      sevenhm_arrival_forest_fort_small_4, layout_basic, serial_aquarium,
          aquarium_bridge_long_separate [aquarium_subvault_bridge,
          aquarium_subvault_balcony, aquarium_subvault_bridge,
          aquarium_subvault_window, aquarium_subvault_bridge,
          aquarium_subvault_bridge], aquarium_window_fake, aquarium_window_1,
          aquarium_view_2d, aquarium_pool_2
D:2:      layout_rooms, uniq_terence

Skill      XL: |  1  2  3  4 |
---------------+-------------+-----
Ranged Weapons | 4 |  4.1
Fighting       | 3 |  3.1
Dodging        | 3 |  3.0
Stealth        | |  0.7

Action                     |  1- 3 |  4- 6 || total
---------------------------+-------+-------++-------
   Fire: Shortbow          |    76 |    43 ||   119
    Use: Scroll            |     2 |       ||     2
 Armour: Leather armour    |    16 |    14 ||    30
  Dodge: Dodged            |    22 |    17 ||    39

Table legend:
 A = Non-vault XP
 B = Vault XP
 C = Vault XP percentage of total XP
 D = Non-vault monster count
 E = Vault monster count
 F = Vault count percentage of total count
                 A         B        C        D         E       F
            +---------+---------+-------+---------+---------+-------
      Total |      96 |      36 |  27.3 |      34 |       1 |   2.9
            +---------+---------+-------+---------+---------+-------
        D:1 |      37 |       0 |   0.0 |      23 |       0 |   0.0
        D:2 |      59 |      36 |  37.9 |      11 |       1 |   8.3
            +---------+---------+-------+---------+---------+-------
